 Dungeon Crawl Stone Soup version 0.27.1-34-g3ba077fa99 (webtiles) character file.

Game seed: 1546265266927926167

36 cbfl8 the Sneak (level 3, -1/33 HPs)
             Began as a Minotaur Delver on Jan 16, 2022.
             Slain by a kobold (4 damage)
             ... in a sewer.
             The game lasted 00:02:34 (1285 turns).

cbfl8 the Sneak (Minotaur Delver)                   Turns: 1285, Time: 00:02:34

Health: -1/33      AC:  5    Str: 16    XL:     3   Next: 19%
Magic:  2/2        EV: 11    Int:  8    God:
Gold:   7          SH:  0    Dex: 11    Spells: 2/2 levels left

rFire    . . .     SeeInvis .   l - +1 short sword (freeze)
rCold    . . .     Faith    .   (no shield)
rNeg     . . .     Spirit   .   j - +0 ring mail
rPois    .         Reflect  .   (helmet restricted)
rElec    .         Harm     .   (no cloak)
rCorr    .         Rampage  .   (no gloves)
Will     .....                  (no boots)
Stlth    ++........             (no amulet)
HPRegen  0.11/turn              (no ring)
MPRegen  0.08/turn              (no ring)

@: no status effects
A: horns 2, retaliatory headbutt
a: no special abilities


You were in a sewer.
You visited 1 branch of the dungeon, and saw 3 of its levels.
You also visited: Sewer.

You collected 7 gold pieces.

Inventory:

Hand Weapons
 a - a +0 hand axe
 l - a +1 short sword of freezing (weapon)
Armour
 b - a +0 leather armour
 j - a +0 ring mail (worn)
Wands
 g - a wand of digging (3)
Scrolls
 c - a scroll of fog
 d - a scroll of enchant armour {unknown}
 e - a scroll of fear
 h - a scroll of noise {unknown}
 i - a scroll of immolation
 k - a scroll of blinking {unknown}
 m - a scroll of identify {unknown}
Potions
 f - 4 potions of haste


   Skills:
 + Level 3.9 Fighting
 + Level 2.6 Axes
 + Level 0.3 Armour
 + Level 2.5 Dodging
 + Level 4.6 Stealth


You had 2 spell levels left.
You didn't know any spells.
Your spell library contained the following spells:

 Spells                   Type           Power      Damage    Failure   Level
 Cause Fear               Hex            0%         N/A       100%        4
 Dragon Form              Tmut           0%         N/A       100%        7
 Dragon's Call            Summ           0%         N/A       100%        9


Dungeon Overview and Level Annotations

Branches:
Dungeon (5/15)              Sewer (1/1)
 Temple: D:4-7

Altars:


Innate Abilities, Weirdness & Mutations

You have a pair of horns on your head.
You reflexively headbutt those who attack you in melee.


Message History

The kobold hits you with a +0 club.
The kobold hits you with a +0 short sword.
Things that are here:
a +0 dagger; 4 poisoned darts; a kobold corpse Unknown command.
You hit the kobold but do no damage. Your headbutt misses the kobold.
The kobold closely misses you. The kobold barely misses you.
You furiously retaliate!
You headbutt the kobold!
You kill the kobold!
The kobold closely misses you. x2; The kobold hits you but does no damage.
You hit the kobold but do no damage. The kobold closely misses you.
The kobold hits you but does no damage. x2
Unknown command.
You hit the kobold but do no damage. The kobold hits you but does no damage.
The kobold misses you. The kobold hits you with a +0 dagger.
The kobold barely misses you.
You hit the kobold but do no damage.
The kobold hits you with a +0 short sword.
* * * LOW HITPOINT WARNING * * *
The kobold hits you with a +0 dagger.
* * * LOW HITPOINT WARNING * * *
The kobold closely misses you.
Unknown command.
You closely miss the kobold. The kobold closely misses you.
The kobold hits you with a +0 dagger.
* * * LOW HITPOINT WARNING * * *
The kobold barely misses you. You furiously retaliate!
You headbutt the kobold.
Unknown command.
You closely miss the kobold. Your headbutt misses the kobold.
The kobold hits you with a +0 short sword.
* * * LOW HITPOINT WARNING * * *
The kobold hits you but does no damage. x2
As you read the scroll labelled ODGHUM ITZUAFEU, it crumbles to dust.
The creatures around you are filled with an inner flame!
It was a scroll of immolation.
The kobold hits you with a +0 short sword.
* * * LOW HITPOINT WARNING * * *
The kobold closely misses you. The kobold hits you but does no damage.
The kobold hits you but does no damage. The kobold hits you with a +0 club.
You die...

# ### ####.###
.......#####
...........###
.............#
.............#######
...P..........#.!..#
.....≈≈≈...≈≈P'K.!!#
..≈≈≈≈≈≈....≈≈'K@∩.#
..≈≈≈≈≈P≈P.≈≈≈#)K..#
#####≈##############
≈≈≈≈≈≈≈≈≈≈≈≈≈≈≈≈#
≈≈≈≈≈≈≈≈≈≈≈≈≈≈≈≈#
≈≈≈≈≈≈≈≈≈≈≈≈≈≈≈≈#
≈≈≈##########≈######
≈≈≈≈≈≈P...≈≈≈≈#.)..#
≈≈≈≈≈≈≈...≈≈≈≈').∩.#


You could see 3 kobolds.

Vanquished Creatures
  An adder (D:4)
  An adder skeleton (D:4)
  3 ball pythons (Sewer)
  2 bats (Sewer)
  An endoplasm (Sewer)
  2 giant cockroaches (D:3)
  A goblin (D:3)
  9 kobolds (Sewer)
  A frilled lizard (Sewer)
  3 rats (Sewer)
24 creatures vanquished.

Vanquished Creatures (others)
  6 plants (Sewer)
6 creatures vanquished.

Grand Total: 30 creatures vanquished

Notes
Turn   | Place    | Note
-------+----------+-------------------------------------------
     0 | D:5      | cbfl8 the Minotaur Delver began the quest for the Orb.
     0 | D:5      | Reached XP level 1. HP: 19/19 MP: 0/0
   236 | D:4      | Reached XP level 2. HP: 27/27 MP: 1/1
   373 | D:3      | Found a glowing drain.
   391 | Sewer    | Entered a sewer
   824 | Sewer    | Reached XP level 3. HP: 28/33 MP: 2/2
  1285 | Sewer    | Slain by a kobold

Illustrated notes

Levels and vault maps discovered:
D:3:      layout_basic, minitemple, ebering_ghost_rock_garden,
          cheibrodos_sewer_entry_drain, minmay_misc_feat_cross
D:4:      layout_basic, marbit_many_paths, okawaru_metal_pillars_3
D:5:      layout_loops_cross, grunt_decor_clamped
Sewer:    kennysheep_pipe_town

Action                   || total
-------------------------++-------
Melee: Hand axe          ||    34
       Headbutt          ||     9
       Short sword       ||    29
  Use: Scroll            ||     2
 Stab: Sleeping          ||     1
Armor: Leather armour    ||     2
       Ring mail         ||    26
Dodge: Dodged            ||    67
